Map: Eastwatch LE

Players

Stephano

  • Race: Zerg Zerg
  • Spawn Location: 1:00

souL - Winner!

  • Race: Terran Terran
  • Spawn Location: 7:00

Event: IEM Season 12 - Katowice

VOD

Have the link to the VOD?

Description

Time

  • Played on: Feb. 26, 2018, 6:10 a.m.
  • Length: 11:43

All games in this series

Show
View Real Time Build Order
Export as new Build Order

Stephano Zerg 

Build Orders: Hatch First 

Get SALT Encoding   

  12  0:00  Drone  
  13  0:12  Overlord  
  13  0:17  Drone  
  14  0:31  Drone x2  
  16  0:48  Hatchery  
  15  0:51  Drone  
  15  0:55  Drone  
  17  0:58  Drone  
  18  1:09  Extractor  
  17  1:14  Spawning Pool  
  17  1:17  Drone  
  17  1:20  Drone  
  18  1:30  Drone  
  19  1:39  Drone  
  20  1:50  Drone  
  21  2:00  Queen x2  
  25  2:02  Zergling x4  
  27  2:11  Drone  
  27  2:13  Metabolic Boost  
  27  2:14  Overlord  
  28  2:26  Zergling x2  
  28  2:34  Hatchery  
  27  2:41  Queen  
  27  2:43  Drone  
  30  2:47  Zergling x2  
  30  2:56  Drone x2  
  32  3:00  Zergling x2  
  33  3:12  Drone x4  
  36  3:15  Overlord  
  36  3:25  Overlord  
  36  3:35  Drone x4  
  36  3:40  Drone  
  41  3:43  Queen  
  41  3:48  Drone  
  44  3:50  Drone x5  
  48  3:57  Queen  
  48  4:02  Queen  
  52  4:03  Drone  
  52  4:06  Drone  
  54  4:11  Drone x3  
  54  4:12  Drone  
  58  4:21  Overlord  
  58  4:22  Overlord  
  58  4:28  Overlord  
  58  4:38  Spore Crawler, Drone  
  58  4:41  Zergling x8  
  58  4:42  Drone x4  
  66  4:46  Evolution Chamber x2  
  66  4:47  Drone  
  66  4:48  Drone x2  
  66  4:50  Drone  
  68  4:54  Spore Crawler  
  68  4:55  Queen  
  68  4:59  Drone x2  
  71  5:04  Drone x4  
  71  5:05  Drone  
  76  5:08  Extractor  
  76  5:09  Extractor  
  73  5:15  Drone x7  
  73  5:21  Zerg Ground Armor Level 1  
  80  5:23  Zerg Melee Weapons Level 1  
  80  5:26  Zergling x2  
  80  5:27  Overlord  
  80  5:29  Spore Crawler  
  80  5:34  Overlord  
  77  5:41  Overlord  
  77  5:43  Drone x5  
  80  5:52  Drone x2  
  88  5:57  Drone x7  
  85  6:07  Drone x3  
  88  6:13  Zergling x8  
  92  6:18  Hatchery  
  88  6:26  Zergling x8  
  92  6:35  Zergling x2  
  92  6:36  Zergling x8  
  96  6:41  Lair, Baneling Nest  
  96  6:42  Queen  
  96  6:43  Spore Crawler  
  96  6:45  Drone x2  
  98  6:47  Zergling x6  
  98  6:48  Hatchery  
  100  7:02  Zergling x12  
  100  7:08  Overlord  
  106  7:11  Overlord x2  
  103  7:16  Zergling x6  
  103  7:21  Zergling x2  
  103  7:22  Overlord  
  105  7:28  Zergling x2  
  105  7:29  Zergling x16  
  106  7:36  Zergling x10  
  93  7:45  Zergling x6  
  93  7:47  Queen x2  
  93  7:50  Zergling x2  
  93  7:51  Zergling x4  
  102  7:54  Baneling  
  102  7:55  Baneling x7  
  102  7:56  Overlord x2  
  102  7:57  Zerg Ground Armor Level 2, Zerg Melee Weapons Level 2, Centrifical Hooks  
  102  8:02  Infestation Pit  
  102  8:03  Overlord  
  101  8:17  Zergling x24  
  113  8:26  Zergling x16  
  121  8:35  Zergling x10  
  114  8:50  Zergling x18  
  114  8:54  Zergling x10  
  118  8:57  Hive  
  118  8:59  Extractor  
  116  9:06  Zergling x16  
  124  9:10  Baneling x2  
  124  9:11  Baneling  
  124  9:14  Drone x2  
  124  9:15  Extractor  
  124  9:16  Extractor  
  124  9:22  Drone x2  
  124  9:23  Drone x5  
  131  9:31  Spire  
  130  9:33  Spore Crawler, Overseer  
  130  9:35  Hatchery  
  130  9:36  Zergling x2  
  130  9:37  Zergling x22  
  135  9:53  Zergling x18  
  130  10:08  Zergling x2  
  130  10:09  Zergling x16  
  135  10:14  Ultralisk Cavern  
  135  10:21  Drone x4  
  124  10:40  Baneling  
  124  10:41  Spawning Pool, Baneling x8  
  118  11:04  Ultralisk x4  
Show
View Real Time Build Order
Export as new Build Order

souL Terran - Winner!

Build Orders: Gas First Reaper Expand, Reaper Expand, MMM Bio, Banshee Rush 

Get SALT Encoding   

  12  0:00  SCV  
  13  0:12  SCV  
  14  0:20  Supply Depot  
  14  0:24  SCV  
  15  0:29  Refinery  
  15  0:41  SCV  
  16  0:50  Barracks  
  16  0:54  SCV  
  17  1:06  SCV  
  18  1:23  SCV  
  19  1:37  Reaper, Orbital Command  
  20  1:52  Command Center  
  20  2:02  SCV  
  21  2:09  Reaper, Factory  
  21  2:15  Supply Depot  
  22  2:18  SCV  
  23  2:26  Refinery  
  24  2:37  SCV  
  24  2:49  SCV  
  25  2:56  Hellion  
  27  3:01  SCV, Starport  
  28  3:09  Orbital Command  
  27  3:14  SCV  
  27  3:17  Hellion  
  29  3:26  SCV  
  30  3:30  Command Center  
  30  3:38  Starport Tech Lab  
  30  3:39  Hellion, SCV  
  33  3:41  SCV  
  34  3:51  SCV  
  34  3:53  SCV  
  36  3:56  Cloaking Field, Banshee  
  36  4:00  Hellion  
  41  4:05  SCV  
  41  4:08  SCV  
  43  4:10  Supply Depot  
  43  4:17  SCV  
  43  4:20  SCV, Barracks  
  43  4:23  Factory Reactor  
  45  4:29  SCV, Barracks  
  46  4:32  SCV, Barracks Tech Lab  
  47  4:39  Banshee  
  47  4:41  Supply Depot, SCV  
  51  4:46  Orbital Command  
  51  4:47  SCV  
  52  4:53  SCV  
  52  4:54  Stimpack, Marine  
  52  4:59  SCV  
  55  5:04  Engineering Bay  
  55  5:05  Engineering Bay  
  55  5:06  SCV  
  56  5:12  Marine  
  56  5:13  SCV x2  
  59  5:14  Refinery  
  59  5:18  Barracks Reactor, SCV  
  59  5:19  Marine x2  
  62  5:25  SCV x2  
  64  5:29  Starport Reactor  
  64  5:30  SCV, Marine  
  64  5:33  Terran Infantry Armor Level 1, Terran Infantry Weapons Level 1  
  66  5:37  Marine x2  
  66  5:39  SCV  
  64  5:43  SCV  
  64  5:48  Marine  
  67  5:52  Refinery  
  67  5:53  Supply Depot  
  67  5:55  Marine x4  
  70  5:57  Barracks x2  
  70  6:01  SCV  
  68  6:05  Marine  
  68  6:07  SCV, Orbital Command  
  68  6:08  Medivac x2  
  74  6:13  Marine x3  
  74  6:14  SCV, Marine  
  74  6:17  Supply Depot  
  79  6:20  Supply Depot  
  79  6:23  Marine  
  76  6:27  SCV  
  76  6:28  SCV  
  76  6:30  Marine  
  76  6:31  Marine x2  
  76  6:32  Marine  
  82  6:34  SCV  
  82  6:39  SCV, Medivac  
  86  6:40  SCV, Medivac  
  86  6:41  Marine  
  86  6:45  Barracks Reactor x2  
  86  6:46  SCV  
  91  6:48  Marine x3  
  91  6:49  Marine  
  91  6:52  SCV, Bunker  
  91  6:53  Supply Depot  
  96  6:56  Sensor Tower  
  96  6:59  Marine  
  96  7:00  Armory  
  97  7:04  SCV  
  97  7:06  Marine x3  
  101  7:14  SCV, Marine  
  101  7:15  SCV  
  103  7:17  Marine  
  103  7:20  Marine  
  103  7:21  Marine  
  95  7:23  SCV  
  95  7:24  Marine x4  
  95  7:26  Marine  
  98  7:32  Marine  
  98  7:34  Marine  
  98  7:35  SCV x2  
  101  7:38  Marine  
  101  7:39  SCV, Marine  
  101  7:42  Marine x3  
  105  7:47  SCV x2  
  105  7:49  Siege Tank  
  109  7:57  Supply Depot x3, Terran Infantry Weapons Level 2  
  109  7:59  Terran Infantry Armor Level 2  
  109  8:01  Liberator  
  109  8:08  Supply Depot  
  109  8:18  SCV x3, Medivac  
  109  8:19  Supply Depot  
  117  8:20  Supply Depot  
  117  8:21  Siege Tank  
  117  8:22  Marine x2  
  117  8:24  Marine  
  117  8:26  Marine  
  124  8:28  Marine  
  124  8:30  SCV x3  
  124  8:33  Marine  
  129  8:37  Marine  
  129  8:41  Marine  
  131  8:42  SCV, Marine  
  131  8:43  Marine  
  131  8:44  Marine  
  134  8:48  Marine  
  134  8:50  Marine  
  134  8:51  Marine  
  134  8:52  Liberator x2  
  134  8:53  Siege Tank, Marine  
  134  8:55  Marine  
  126  8:59  Marine  
  126  9:00  Marine  
  128  9:03  Marine  
  135  9:11  Supply Depot  
  135  9:17  Combat Shields  
  135  9:18  Marine x2, Refinery x2  
  135  9:20  SCV  
  135  9:22  Marine  
  140  9:24  Marine  
  140  9:25  Siege Tank  
  143  9:33  Marine  
  143  9:38  Marine  
  144  9:41  Marine x6  
  144  9:43  Marine  
  152  9:50  Command Center  
  152  9:51  Marine  
  148  9:56  Marine  
  148  9:57  Siege Tank  
  148  9:58  Marine  
  148  9:59  Marine x5  
  158  10:01  Marine  
  151  10:09  Marine  
  151  10:14  Marine  
  151  10:16  Marine x2  
  151  10:17  Marine x4  
  151  10:19  Marine  
  158  10:27  Marine  
  156  10:28  Barracks x2  
  156  10:29  Siege Tank  
  156  10:31  Marine  
  160  10:36  Marine  
  160  10:37  Marine  
  160  10:39  Marine  
  163  10:45  Medivac  
  165  10:51  Supply Depot x2  
  165  10:55  Marine x3, Medivac  
  165  10:56  Marine  
  159  10:59  Marine  
  159  11:01  Siege Tank  
  159  11:03  Marine  
  142  11:09  Marine  
  139  11:11  Marine x2  
  139  11:13  Marine  
  142  11:19  SCV, Marine  
  142  11:22  Marine  
  142  11:24  Marine  
  142  11:25  Barracks Tech Lab  
  145  11:29  SCV  
  145  11:30  Barracks Tech Lab  

Tags
 
Add a new tag
Caveats
  • Supply blocks, unpowered buildings, or Contaminate may cause inaccurate times.
  • Supply counts are checked every 10 seconds.